 Dungeon Crawl Stone Soup version 0.28-a0-401-ge240ad9e29 (webtiles) character file.

Game seed: 16274976659581417084

182 omnomnOMINOUS the Skirmisher (level 5, -3/39 HPs)
             Began as an Octopode Wanderer on Sept 4, 2021.
             Was a Believer of Jiyva.
             Slain by Sigmund (17 damage)
             ... on level 4 of the Dungeon.
             The game lasted 00:04:12 (3208 turns).

omnomnOMINOUS the Skirmisher (Octopode Wanderer)    Turns: 3208, Time: 00:04:13

Health: -3/39      AC:  1    Str: 10    XL:     5   Next: 62%
Magic:  5/5        EV: 14    Int: 18    God:    Jiyva [**....]
Gold:   186        SH:  0    Dex: 10    Spells: 4/4 levels left

rFire   . . .      SeeInvis .   a - +0 dagger (elec)
rCold   . . .      Faith    .   (no shield)
rNeg    . . .      Spirit   .   (helmet restricted)
rPois   .          Reflect  .   (no amulet)
rElec   .          Harm     .   (no ring)
rCorr   .          Rampage  .   (no ring)
Will    .....                   (no ring)
Stlth   +++.......              (no ring)
HPRegen 0.13/turn               (no ring)
MPRegen 0.09/turn               (no ring)
                                (no ring)
                                (no ring)

@: no status effects
A: almost no armour, amphibious, 8 rings, camouflage 1, gelatinous body 1,
(nimble swimmer 1), tentacles
a: Renounce Religion, Request Jelly


You were on level 4 of the Dungeon.
You worshipped Jiyva.
Jiyva was pleased with you.
You visited 1 branch of the dungeon, and saw 4 of its levels.

You collected 186 gold pieces.

Inventory:

Hand Weapons
 a - a +0 dagger of electrocution (weapon)
 b - a +0 quarterstaff
 c - a +2 dagger
 p - a +2 quarterstaff of chaos
Missiles
 l - 5 curare-tipped darts (quivered)
Scrolls
 d - a scroll of teleportation
 e - 2 scrolls of fog {unknown}
 f - 4 scrolls of identify {unknown}
 i - a scroll of fear {unknown}
 k - a scroll of immolation {unknown}
 n - a scroll of noise {unknown}
 o - a scroll of enchant weapon {unknown}
Potions
 g - a potion of heal wounds
 h - a potion of lignification
 j - 2 potions of ambrosia {unknown}
 m - a potion of haste {unknown}


   Skills:
 + Level 5.0 Fighting
 - Level 1.0 Axes
 - Level 1.0 Staves
 + Level 5.0 Dodging
 - Level 2.6 Stealth
 - Level 1.0 Shields
 * Level 0.4 Spellcasting


You had 4 spell levels left.
You didn't know any spells.
Your spell library was empty.

Dungeon Overview and Level Annotations

Branches:
Dungeon (4/15)
 Temple: D:4-7

Altars:
Jiyva

Annotations:
D:4 Sigmund


Innate Abilities, Weirdness & Mutations

You cannot wear most types of armour.
You are amphibious.
You can wear up to eight rings at the same time.
Your skin changes colour to match your surroundings (Stealth+).
Your rubbery body absorbs attacks. (AC +1, EV +1)
((You are camouflaged near water. (Stealth+)))
You have tentacles for arms and can constrict up to eight enemies at once.


Message History

You barely miss something. You hit something but do no damage.
Something hits you but does no damage.
You closely miss something.
You hear some strange, mumbled words.
A magic dart appears from out of thin air!
The magic dart hits you.
You miss something. Something hits you but does no damage.
You hit something but do no damage. You barely miss something.
Something hits you.
You closely miss something. Something hits you but does no damage.
You completely miss something. You closely miss something.
Something hits you but does no damage.
You barely miss something.
You hear some strange, mumbled words.
A puff of flame appears from out of thin air!
The puff of flame hits you.
You hit something but do no damage. Lightning courses through something!
Something hits you.
You closely miss something. You barely miss something.
Something hits you but does no damage.
You closely miss something.
Your transformation is almost over.
Something hits you but does no damage.
You completely miss something. You miss something.
Something hits you but does no damage.
You closely miss something. Something hits you but does no damage.
You barely miss something.
You hear a distant slurping noise.
You closely miss something. Something hits you.
Jiyva gurgles merrily.
You miss something. Something hits you.
You barely miss something. You miss something.
Something hits you but does no damage.
You hear a distant slurping noise.
You hit something but do no damage. Lightning courses through something!
Something hits you.
You closely miss something.
You feel less wooden.
You completely miss something. Something hits you!
You die...

#...##.#...#
#.#...# #.#####
#.....#
..##.....#
..........#
...##.....# .#
#..
#.....##...##
#.
#....@....... #
.......{.......
........##...##
..##.....# ...#
.. #.....# ...#
#.....# ..#
......# .##
.......#


There were no monsters in sight!

Vanquished Creatures
  A scorpion (D:3)
  Crazy Yiuf (D:3)
  5 adders
  2 dart slugs (D:1)
  3 ball pythons
  2 endoplasms (D:1)
  2 giant cockroaches (D:1)
  3 hobgoblins (D:1)
  4 jackals (D:1)
  10 kobolds
  4 quokkas
  3 bats
  3 frilled lizards
  4 rats
47 creatures vanquished.

Vanquished Creatures (others)
  2 jellies (D:4)
  4 gnolls (D:3)
  4 orcs (D:4)
  2 goblins (D:3)
  A hobgoblin (D:4)
  A kobold (D:4)
  2 fungi (D:2)
  2 plants (D:2)
18 creatures vanquished.

Grand Total: 65 creatures vanquished

Notes
Turn   | Place    | Note
-------+----------+-------------------------------------------
     0 | D:1      | omnomnOMINOUS the Octopode Wanderer began the quest for the
                  | Orb.
     0 | D:1      | omnomnOMINOUS set off with the following items: a +2
                  | dagger, a potion of heal wounds, a +0 quarterstaff, a
                  | scroll of teleportation
     0 | D:1      | Reached XP level 1. HP: 18/18 MP: 1/1
    54 | D:1      | Reached skill level 1 in Dodging
   125 | D:1      | Reached XP level 2. HP: 15/24 MP: 2/2
   733 | D:1      | Reached XP level 3. HP: 23/29 MP: 3/3
  1612 | D:2      | Reached XP level 4. HP: 25/35 MP: 4/4
  1943 | D:2      | Found a faded altar of an unknown god.
  1953 | D:2      | Became a worshipper of Jiyva Jeocats the Shapeless
  1953 | D:2      | Reached * piety under Jiyva
  2171 | D:3      | Found a runed translucent door.
  2172 | D:3      | Noticed Crazy Yiuf
  2541 | D:3      | Noticed a scorpion
  2544 | D:3      | Killed a scorpion
  2545 | D:3      | Reached XP level 5. HP: 39/39 MP: 5/5
  2915 | D:3      | Killed Crazy Yiuf
  2916 | D:3      | Reached skill level 5 in Dodging
  2987 | D:4      | Noticed an ogre
  3029 | D:4      | Reached ** piety under Jiyva
  3173 | D:4      | Noticed Sigmund
  3208 | D:4      | Slain by Sigmund

Illustrated notes

Levels and vault maps discovered:
D:1:      dpeg_arrival_shrine, layout_rooms
D:2:      layout_basic, shapermc_ecumenical_altar_mp_urbaneastern
D:3:      layout_loops_corners, minivault_19, uniq_crazy_yiuf_cottage
D:4:      layout_gridville, serial_shops, nicolae_stop_n_shop_1,
          roderic_roman_lattice, eino_tiny_chamber, uniq_sigmund

Skill      XL: |  1  2  3  4  5 |
---------------+----------------+-----
Dodging        | 1 2 3 4 5 |  5.0
Fighting       | |  5.0
Axes           | |  1.0
Staves         | |  1.0
Stealth        | |  2.6
Shields        | |  1.0
Spellcasting   | |  0.4

Action                   |  1- 3 |  4- 6 || total
-------------------------+-------+-------++-------
Melee: Dagger            |    68 |    57 ||   125
       Constrict         |    17 |     9 ||    26
       Tentacles         |     6 |     7 ||    13
Throw: Dart              |       |     1 ||     1
  Use: Potion            |       |     1 ||     1
 Stab: Sleeping          |    10 |     2 ||    12
Armor: Skin              |     8 |    15 ||    23
Dodge: Dodged            |    24 |    14 ||    38

Table legend: (Time is in decaauts)
 A = Elapsed time spent in this place.
 B = Non-inter-level travel time spent in this place.
 C = Inter-level travel time spent in this place.
 D = Time resting spent in this place.
 E = Time spent auto-exploring this place.
 F = Levels seen in this place.
 G = Mean time per level.
                   A        B        C        D        E       F      G
               +--------+--------+--------+--------+--------+-----+--------+
         Total |   3205 |   3112 |     93 |    453 |   2263 |   4 |  801.2 |
       Dungeon |   3205 |   3112 |     93 |    453 |   2263 |   4 |  801.2 |
               +--------+--------+--------+--------+--------+-----+--------+

Top non-repeatable levels by time:
     D:1: 1107 daAuts
     D:3: 979 daAuts
     D:2: 875 daAuts
     D:4: 242 daAuts
